 Dungeon Crawl Stone Soup version 0.17-a0-755-g4391640 (webtiles) character file.

235 oplop the Vexing (level 6, -9/30 HPs)
             Began as a Vine Stalker Enchanter on Apr 22, 2015.
             Was an Initiate of Okawaru.
             Killed by divine providence
             ... invoked by an orc priest
              (10 damage)
             ... on level 4 of the Dungeon.
             The game lasted 00:07:46 (2661 turns).

oplop the Vexing (Vine Stalker Enchanter)           Turns: 2661, Time: 00:07:47

Health: -9/30      AC: 12    Str: 10    XL:     6   Next: 5%
Magic:  0/13       EV: 12    Int: 11    God:    Okawaru [......]
Gold:   147        SH:  0    Dex: 17    Spells: 2 memorised, 10 levels left

rFire  . . .     SeeInvis .     a - +1 dagger
rCold  . . .     Clarity  .     g - +2 leather armour {rPois}
rNeg   . . .     SustAb   +     (no shield)
rPois  +         Gourm    .     t - +2 helmet
rElec  .         Spirit   +     (no cloak)
rCorr  .         Warding  .     (no gloves)
rMut   .         Stasis   .     v - +2 pair of boots
MR     .....                    (no amulet)
Stlth  ++........               m - ring of sustain abilities
                                u - -4 ring of intelligence (curse)

@: about to teleport, very slightly contaminated, not resistant to hostile
enchantments, unstealthy
A: fangs 2, regeneration 2, shaggy fur 1, magic shield, antimagic bite, no
device heal 3, rot immunity
a: Renounce Religion


You were on level 4 of the Dungeon.
You worshipped Okawaru.
Okawaru was noncommittal.
You were not hungry.

You visited 1 branch of the dungeon, and saw 4 of its levels.

You collected 147 gold pieces.

Inventory:

Hand weapons
 a - a +1 dagger (weapon)
Missiles
 k - 2 needles of slowing
 n - a throwing net (quivered)
Armour
 g - a +2 leather armour of poison resistance (worn)
 t - a +2 helmet (worn)
 v - a +2 pair of boots (worn)
Jewellery
 m - a ring of sustain abilities (right hand)
 u - a cursed -4 ring of intelligence (left hand)
Scrolls
 e - 4 scrolls of identify
Potions
 f - a potion of magic
 i - 2 potions of degeneration {unknown}
 j - 2 potions of brilliance {unknown}
 o - a potion of resistance {unknown}
 r - a potion of poison {unknown}
 s - a potion of curing {unknown}
Books
 c - a book of Maledictions

   Spells                             Type                      Level
   a - Corona                         Hexes                        1
   b - Ensorcelled Hibernation        Hexes/Ice                    2
   c - Confuse                        Hexes                        3
   d - Tukima's Dance                 Hexes                        3
   e - Dazzling Spray                 Conjuration/Hexes            3
Comestibles
 b - 2 meat rations
 d - 3 bread rations
 p - 2 chunks of flesh


   Skills:
 + Level 1.1 Fighting
 + Level 2.5 Short Blades
 - Level 1.5 Dodging
 - Level 3.6 Stealth
 * Level 4.1 Spellcasting
 * Level 4.3 Hexes


You had 10 spell levels left.
You knew the following spells:

 Your Spells              Type           Power        Failure   Level  Hunger
a - Corona                Hex            ##.....      8%          1    #......
b - Ensorcelled Hibernat  Hex/Ice        #.....       21%         2    ##.....


Dungeon Overview and Level Annotations

Branches:
Dungeon (4/15)
 Temple: D:4-7

Altars:
Okawaru
Xom


Innate Abilities, Weirdness & Mutations

You have extremely sharp teeth.
You heal very quickly.
You are covered in fur (AC +1).
When hurt, damage is shared between your health and your magic reserves.
Your bite disrupts and absorbs the magic of your enemies.
Potions and wands cannot restore your health.
You are immune to rotting.


Message History

The orc wizard closely misses you.
The orc priest invokes the aid of Beogh against you.
Something smites you!
* * * LOW HITPOINT WARNING * * *
The orc wizard hits you with a dagger.
* * * LOW HITPOINT WARNING * * *
Read which item? (? for menu, Esc to quit)
As you read the scroll of teleportation, it crumbles to dust.
You feel strangely unstable.
The orc wizard hits you but does no damage.
You hit the orc wizard but do no damage.
Your bite misses the orc wizard.
The orc wizard is heavily wounded.
The orc wizard closely misses you. The orc wizard casts a spell at you.
The magic dart hits you!
* * * LOW HITPOINT WARNING * * *
The orc priest calls down the wrath of Beogh upon you.
Something smites you!
You die...

#.# #.#..........
#.###.#.#########
#................
#####.#..########
#.#..## ###### #
#..)########. #....#
.#............
#....###.###..#######.#
........).......@o)ooo#
........#####..######.#
........# ##.#
........# #.# ........#
#.# ........# ###
........# ......)<+
........#


You could see an orc priest, an orc wizard and 2 orcs.

Vanquished Creatures
  3 crimson imps (D:3)
  A worker ant (D:4)
  An adder (D:3)
  An ooze (D:1)
  A worm (D:3)
  8 orcs
  A ball python (D:1)
  4 giant cockroaches
  20 goblins
  10 hobgoblins
  7 jackals
  6 kobolds
  2 quokkas (D:2)
  6 bats
  7 giant newts
  5 rats
83 creatures vanquished.

Notes
Turn   | Place    | Note
--------------------------------------------------------------
     0 | D:1      | oplop, the Vine Stalker Enchanter, began the quest for the Orb.
     0 | D:1      | Reached XP level 1. HP: 9/9 MP: 4/4
    52 | D:1      | Reached skill level 1 in Short Blades
    90 | D:1      | Reached XP level 2. HP: 11/13 MP: 4/6
   329 | D:1      | Reached XP level 3. HP: 16/16 MP: 8/8
  1086 | D:2      | Learned a level 2 spell: Ensorcelled Hibernation
  1541 | D:3      | Reached XP level 4. HP: 21/21 MP: 9/9
  2110 | D:3      | Found a shimmering altar of Xom.
  2154 | D:3      | Reached XP level 5. HP: 25/25 MP: 3/11
  2179 | D:3      | Reached skill level 4 in Hexes
  2342 | D:3      | Reached skill level 1 in Fighting
  2476 | D:4      | Gained mutation: You heal very quickly. [Vine Stalker growth]
  2476 | D:4      | Reached XP level 6. HP: 30/30 MP: 3/13
  2504 | D:4      | Found an iron altar of Okawaru.
  2592 | D:4      | Became a worshipper of Warmaster Okawaru
  2660 | D:4      | HP: 1/30 [orc wizard/magic dart (7)]
  2661 | D:4      | Killed from afar by an orc priest

Action                   |  1- 3 |  4- 6 || total
-------------------------+-------+-------++-------
Melee: Dagger            |   143 |   146 ||   289
Throw: Throwing net      |       |     1 ||     1
 Cast: Corona            |     9 |     8 ||    17
       Ensorcelled Hiber |     2 |    24 ||    26
  Use: Scroll            |       |     7 ||     7
 Stab: Sleeping          |    11 |    11 ||    22
  Eat: Chunk             |     2 |     4 ||     6
       Beef jerky        |       |     1 ||     1
